 Dungeon Crawl Stone Soup version 0.17.1-2-g5865329 (webtiles) character file.

464 Pedason the Ruffian (level 6, -5/62 HPs)
             Began as a Troll Monk on Jan 12, 2016.
             Slain by a wraith (9 damage)
             ... in an ossuary.
             The game lasted 00:12:04 (2289 turns).

Pedason the Ruffian (Troll Monk)                    Turns: 2289, Time: 00:12:04

Health: -5/62      AC:  6    Str: 20    XL:     6   Next: 80%
Magic:  5/5        EV: 11    Int:  6    God:
Gold:   111        SH:  0    Dex: 14    Spells: 0 memorised, 5 levels left

rFire  . . .     SeeInvis .       - Unarmed
rCold  . . .     Clarity  .     a - +1 robe
rNeg   . . .     SustAt   .     (no shield)
rPois  .         Gourm    +     (helmet restricted)
rElec  .         Spirit   .     (no cloak)
rCorr  .         Warding  .     (gloves unavailable)
rMut   .         Stasis   .     (boots unavailable)
MR     .....                    (no amulet)
Stlth  ++........               (no ring)
                                (no ring)

@: slowed, very slow, not resistant to hostile enchantments, unstealthy
A: unfitting armour, claws 3, fast metabolism 3, gourmand, regeneration 2,
shaggy fur 1, tough skin 2
a: no special abilities


You were in an ossuary.
You were very hungry.

You visited 1 branch of the dungeon, and saw 4 of its levels.
You also visited: Ossuary.

You collected 111 gold pieces.

Inventory:

Missiles
 d - 33 stones (quivered)
 r - a throwing net
Armour
 a - a +1 robe (worn)
Wands
 t - a wand of confusion (23)
 w - a wand of paralysis (10)
Scrolls
 c - 2 scrolls of remove curse {unknown}
 e - a scroll of enchant weapon {unknown}
 f - 2 scrolls of enchant armour
 g - a scroll of blinking {unknown}
 q - 2 scrolls of immolation {unknown}
 x - 2 scrolls of teleportation {unknown}
Potions
 h - 2 potions of invisibility
 i - 7 potions of curing
 k - a potion of brilliance {unknown}
 l - 3 potions of heal wounds {unknown}
 m - 2 potions of might
 n - 2 potions of degeneration {unknown}
 p - a potion of mutation {unknown}
 s - a potion of cure mutation {unknown}
 u - a potion of resistance {unknown}
 v - a potion of lignification
 z - a potion of flight {unknown}
Comestibles
 b - 5 bread rations
 j - 2 meat rations
 o - 3 slices of pizza


   Skills:
 + Level 3.9 Fighting
 + Level 3.9 Dodging
 - Level 1.1 Stealth
 * Level 6.2 Unarmed Combat


You had 5 spell levels left.
You didn't know any spells.

Dungeon Overview and Level Annotations

Branches:
Dungeon (4/15)
 Temple: D:4-7

Altars:
Cheibriados
Zin

Annotations:
D:2 scrolls past iron door


Innate Abilities, Weirdness & Mutations

You are too large for most types of armour.
You have claws for hands.
Your metabolism is lightning-fast.
You like to eat raw meat.
You heal very quickly.
You are covered in fur (AC +1).
You have very tough skin (AC +2).


Message History

You claw the wraith!
The wraith is severely damaged.
The wraith hits you.
You scratch the wraith but do no damage.
The wraith is severely damaged.
The wraith hits you. The wraith drains your vigour!
You feel as though you will be slow longer.
You scratch the wraith but do no damage.
The wraith is severely damaged.
The wraith hits you. The wraith drains your vigour!
You feel as though you will be slow longer.
The wraith hits you!
* * * LOW HITPOINT WARNING * * *
The wraith drains your vigour!
You feel as though you will be slow longer.
* * * LOW HITPOINT WARNING * * *
You scratch the wraith but do no damage.
The wraith is severely damaged.
The wraith hits you!
You die...

#...............# #z# #.....#
#.###.......###.###▓#####.8.8.#
#.#z#.......# #.'.....'.......'
#.###.......###.###▓#####.8.8.#
#...............# #W# #.....#
#.###..###..###.# ### #######
#.# #..#z#..#.#.# #.
#..###..##W.# ...........@.#
###############


You could see a wraith and a flying skull.

Vanquished Creatures
  A wraith (Ossuary)
  An ogre (D:3)
  2 wights (Ossuary)
  A centaur skeleton (D:4)
  Natasha (thrice) (D:3)
  An adder (D:3)
  An ooze (D:1)
  2 adder zombies (Ossuary)
  A worm (D:2)
  3 giant geckos
  A ball python (D:2)
  2 giant cockroaches (D:2)
  7 hobgoblins
  3 jackals (D:1)
  9 kobolds
  4 bats
  8 goblins
  A hobgoblin skeleton (Ossuary)
  2 kobold zombies (Ossuary)
  3 orc skeletons (Ossuary)
  An orc zombie (Ossuary)
  4 rats (D:1)
61 creatures vanquished.

Notes
Turn   | Place    | Note
--------------------------------------------------------------
     0 | D:1      | Pedason the Troll Monk began the quest for the Orb.
     0 | D:1      | Reached XP level 1. HP: 22/22 MP: 0/0
   233 | D:1      | Reached XP level 2. HP: 10/29 MP: 1/1
   855 | D:2      | Reached XP level 3. HP: 29/36 MP: 2/2
   902 | D:2      | Found a glowing silver altar of Zin.
  1475 | D:3      | Noticed Natasha
  1483 | D:3      | Killed Natasha
  1483 | D:3      | Reached XP level 4. HP: 32/45 MP: 3/3
  1551 | D:3      | Found a snail-covered altar of Cheibriados.
  1595 | D:3      | Noticed Natasha
  1600 | D:3      | Killed Natasha
  1629 | D:3      | Noticed Natasha
  1641 | D:3      | Killed Natasha
  1841 | D:4      | Found a sand-covered staircase.
  1850 | D:4      | Noticed an ogre
  1876 | D:3      | Killed an ogre
  1876 | D:3      | Reached skill level 5 in Unarmed Combat
  1876 | D:3      | Reached XP level 5. HP: 11/53 MP: 4/4
  1971 | Ossuary  | Entered an ossuary
  2040 | Ossuary  | Reached XP level 6. HP: 36/61 MP: 5/5
  2102 | Ossuary  | Noticed a flying skull
  2102 | Ossuary  | Noticed a wraith
  2108 | Ossuary  | Noticed a flying skull
  2136 | Ossuary  | Noticed a flying skull
  2142 | Ossuary  | Noticed a flying skull
  2239 | Ossuary  | Noticed a wraith
  2242 | Ossuary  | Killed a wraith
  2242 | Ossuary  | Reached skill level 6 in Unarmed Combat
  2277 | Ossuary  | Noticed a wraith
  2289 | Ossuary  | Slain by a wraith

Action                   |  1- 3 |  4- 6 || total
-------------------------+-------+-------++-------
Melee: Unarmed           |   103 |    71 ||   174
  Use: Scroll            |       |     5 ||     5
       Potion            |       |     1 ||     1
 Stab: Sleeping          |     2 |     3 ||     5
  Eat: Chunk             |    13 |     4 ||    17
